 Dungeon Sprint DCSS version 0.31-a0-83-gbff143cfd1 (webtiles) character file.

Game seed: 9891527508030831065

111 fozzywoppz the Covert (level 4, -9/21 HPs)
             Began as a Spriggan Enchanter on May 24, 2023.
             Mangled by a rust devil (10 damage)
             ... summoned by a kobold demonologist
             ... in the Dungeon (Sprint III: "The Ten Rune Challenge").
             The game lasted 00:02:30 (191 turns).

fozzywoppz the Covert (Spriggan Enchanter)           Turns: 191, Time: 00:02:31

Health: -9/21      AC:  0    Str:  6    XL:     4   Next: 62%
Magic:  7/11       EV: 21    Int: 16    God:
Gold:   16         SH:  0    Dex: 15    Spells: 3/11 levels left

rFire   . . .        a - +1 dagger
rCold   . . .        (no shield)
rNeg    . . .        b - +0 robe
rPois   .            (helmet restricted)
rElec   .            (no cloak)
rCorr   .            (gloves unavailable)
SInv    +            (boots unavailable)
Will    .....        h - amulet of the acrobat
Stlth   +++++        (no ring)
HPRegen 0.23/turn    (no ring)
MPRegen 0.12/turn

%: no teleportation, acrobat
@: confusing by touch, corroded, invisible, very quick
A: very small, no large weapons, unfitting armour, see invisible, speed 3,
iridescent scales 1
a: no special abilities


You were in the Dungeon.
You visited 1 branch You collected 16 gold pieces.

Inventory:

Hand Weapons
 a - a +1 dagger (weapon)
Armour
 b - a +0 robe (worn)
Jewellery
 h - an amulet of the acrobat (around neck)
Scrolls
 i - 2 scrolls of blinking
 k - a scroll of immolation {unknown}
 l - a scroll of torment {unknown}
 m - a scroll of identify {unknown}
Potions
 c - a potion of invisibility
 d - a potion of curing
 e - a potion of heal wounds
 f - a potion of haste
 g - 2 potions of magic
 j - 4 potions of mutation
 n - 2 potions of enlightenment


   Skills:
 + Level 1.1 Short Blades
 + Level 8.0 Dodging
 + Level 10.4 Stealth
 - Level 4.0 Spellcasting
 - Level 5.0 Hexes


You had 3 spell levels left.
You knew the following spells:

 Your Spells              Type           Power      Damage    Failure   Level
a - Ensorcelled Hibernat  Hex/Ice        18%        N/A       11%         2
b - Confusing Touch       Hex            19%        N/A       6%          3
c - Tukima's Dance        Hex            19%        N/A       6%          3

Your spell library contained the following spells:

 Spells                   Type           Power      Damage    Failure   Level
 Dazzling Flash           Conj/Hex       18%        N/A       22%         3
 Summon Guardian Golem    Hex/Summ       9%         N/A       22%         3
 Orb of Destruction       Conj           1%         9d5       100%        7
 Spellforged Servitor     Conj/Summ      0%         N/A       100%        7


Dungeon Overview and Level Annotations

Branches:
Dungeon (1/1)

Altars:
Kikubaaqudgha
Sif Muna
Vehumet


Innate Abilities, Weirdness & Mutations

You are very small and have problems with some larger weapons.
You are too small for most types of armour.
You have supernaturally acute eyesight. (SInv)
You cover ground extremely quickly. (Speed+++)
You are partially covered in iridescent scales. (AC +2)


Message History

The kobold demonologist is lightly wounded.
The kobold demonologist closely misses you.
The wizard gestures wildly while chanting.
The wizard flickers and vanishes for a moment.
You miss the kobold demonologist.
The kobold demonologist is lightly wounded.
The kobold demonologist mumbles some strange words.
The wizard closely misses you.
Unknown command.
Okay, then.
You hit the kobold demonologist but do no damage.
The kobold demonologist is lightly wounded.
The kobold demonologist hits you with a +0 dagger.
The wizard misses you.
Unknown command.
Okay, then.
You fade into invisibility!
The kobold demonologist misses you. The wizard closely misses you.
You hit the wizard.
The wizard is moderately wounded.
Unknown command.
Okay, then.
Casting: Ensorcelled Hibernation (safe; 11% risk of failure)
Confirm with . or Enter, or press ? or * to list all spells.
The spell is quite dangerous to miscast (6% risk of failure)!
Continue anyway?
Your hands begin to glow red.
You hit the rust devil but do no damage.
The rust devil closely misses you.
You catch the helpless rust devil completely off-guard!
You hit the rust devil but do no damage.
The rust devil hits you!
* * * LOW HITPOINT WARNING * * *
The rust devil corrodes you!
Unknown command.
You hit the rust devil but do no damage.
The rust devil closely misses you.
You closely miss the rust devil.
You hear a bellow!
The rust devil hits you!
You die...

..'.....♣♣ ♣.#
..#......♣ ♣.#
###....♣.♣ ♣♣.#
.)#....~.♣♣♣..###+#+###
..#...~~.♣♣.♣.#........
..#..~~~~♣..♣.'.⌠......
#'#..~≈≈~~~...#...####
..#.~~≈~~~....#.⌠.#
..#.~≈~~~.....#.@.#
..#.~~~.......#4###
###...........#K:p#
........†.....#p__#
▓▓▓▓▓▓▓▓▓▓▓▓▓▓▓▓▓▓▓


You could see a rust devil (summoned, unable to see you), a wizard (invisible,
unable to see you) and a kobold demonologist (unable to see you).

Vanquished Creatures
  A water elemental (D)
  Jessica (D)
  A human (D)
  A phantom (D)
  An endoplasm (D)
  2 rats (D)
7 creatures vanquished.

Notes
Turn   | Place    | Note
-------+----------+-------------------------------------------
     0 | D        | fozzywoppz the Spriggan Enchanter began the quest for the
                  | Orb.
     0 | D        | Reached XP level 1. HP: 9/9 MP: 5/5
    11 | D        | Noticed Jessica
    15 | D        | Killed Jessica
    16 | D        | Reached skill level 7 in Stealth
    16 | D        | Reached skill level 5 in Hexes
    16 | D        | Reached XP level 2. HP: 13/13 MP: 6/8
    18 | D        | Reached XP level 3. HP: 16/16 MP: 6/9
    36 | D        | Learned a level 2 spell: Ensorcelled Hibernation
    40 | D        | Learned a level 3 spell: Confusing Touch
    44 | D        | Learned a level 3 spell: Tukima's Dance
    68 | D        | Reached skill level 5 in Dodging
    68 | D        | Reached skill level 8 in Stealth
   138 | D        | Gained mutation: You are partially covered in iridescent
                  | scales. (AC +2) [potion of mutation]
   169 | D        | Noticed a water elemental
   172 | D        | Killed a water elemental
   173 | D        | Reached skill level 10 in Stealth
   173 | D        | Reached XP level 4. HP: 21/21 MP: 11/11
   175 | D        | Found a radiant altar of Vehumet.
   175 | D        | Found a shimmering blue altar of Sif Muna.
   175 | D        | Found an ancient bone altar of Kikubaaqudgha.
   175 | D        | Noticed a wizard
   180 | D        | Noticed a ynoxinul
   183 | D        | Noticed a rust devil
   189 | D        | HP: 1/21 [rust devil[a kobold demonologist] (9)]
   191 | D        | Mangled by a rust devil

Illustrated notes

Levels and vault maps discovered:
D:        dungeon_sprint_mu [sprint_mu_entry_forest, sprint_mu_temple_rooms,
          sprint_mu_d1_horrors, sprint_mu_d2_genie, sprint_mu_d3_branching,
          sprint_mu_orc_legion, sprint_mu_elf_gauntlet, sprint_mu_hive_nellie,
          sprint_mu_lair_fedhas, sprint_mu_vaults_butterflies,
          sprint_mu_slime_circle, sprint_mu_swamp_cave, sprint_mu_snake_twists,
          sprint_mu_blade_basic, sprint_mu_crypt_lich, sprint_mu_tomb_spiral,
          sprint_mu_vestibule_basic, sprint_mu_gehenna_hellfire,
          sprint_mu_dis_giant, sprint_mu_tartarus_statrot,
          sprint_mu_cocytus_islands, sprint_mu_zot1]

Skill      XL: |  1  2  3 |
---------------+----------+-----
Dodging        | 4 8 |  8.0
Spellcasting   | 4 |  4.0
Stealth        | 7 10 | 10.4
Hexes          | 5 |  5.0
Short Blades   | |  1.1

Action                     |  1- 3 |  4- 6 || total
---------------------------+-------+-------++-------
  Melee: Dagger            |    26 |    11 ||    37
   Cast: Ensorcelled Hiber |     2 |     1 ||     3
         Confusing Touch   |     1 |     1 ||     2
    Use: Potion            |     2 |     1 ||     3
   Stab: Sleeping          |     4 |       ||     4
         Invisible         |       |     1 ||     1
  Dodge: Dodged            |    12 |    10 ||    22

Table legend: (Time is in decaauts)
 A = Elapsed time spent in this place.
 B = Non-inter-level travel time spent in this place.
 C = Inter-level travel time spent in this place.
 D = Time resting spent in this place.
 E = Time spent auto-exploring this place.
 F = Levels seen in this place.
 G = Mean time per level.
                   A        B        C        D        E       F      G
               +--------+--------+--------+--------+--------+-----+--------+
         Total |    158 |    158 |      0 |     24 |      0 |   1 |  158.0 |
       Dungeon |    158 |    158 |      0 |     24 |      0 |   1 |  158.0 |
               +--------+--------+--------+--------+--------+-----+--------+

Top non-repeatable levels by time:
       D: 158 daAuts
